 Dungeon Crawl Stone Soup version 0.25.1-2-g60ff931 (webtiles) character file.

Game seed: 16054204689081550530

137 Diggabert the Shield-Bearer (level 5, -4/42 HPs)
             Began as a Formicid Fighter on Sept 6, 2020.
             Killed from afar by an orc wizard (11 damage)
             ... with a puff of flame
             ... on level 3 of the Dungeon.
             The game lasted 00:08:36 (2361 turns).

Diggabert the Shield-Bearer (Formicid Fighter)      Turns: 2361, Time: 00:08:37

Health: -4/42      AC:  7    Str: 22    XL:     5   Next: 44%
Magic:  14/14      EV:  8    Int:  7    God:
Gold:   132        SH: 10    Dex: 10    Spells: 4/4 levels left

rFire    . . .     SeeInvis +   t - +0 morningstar
rCold    . . .     Gourm    .   c - +0 kite shield
rNeg     . . .     Faith    .   b - +0 scale mail
rPois    .         Spirit   .   (helmet unavailable)
rElec    .         Reflect  .   (no cloak)
rCorr    .         Harm     .   (no gloves)
MR       .....                  (no boots)
Stlth    ..........             (no amulet)
HPRegen  0.14/turn              n - ring of magical power
MPRegen  0.14/turn              (no ring)

@: no status effects
A: permanent stasis, dig shafts and tunnels, four strong arms, antennae 3
a: Dig, Shaft Self


You were on level 3 of the Dungeon.
You were not hungry.

You visited 1 branch of the dungeon, and saw 3 of its levels.

You collected 132 gold pieces.

Inventory:

Hand Weapons
 t - a +0 morningstar (weapon)
Missiles
 j - 8 curare-tipped darts
 o - 4 boomerangs (quivered)
 r - 11 poisoned darts
Armour
 b - a +0 scale mail (worn)
 c - a +0 kite shield (worn)
Jewellery
 n - a ring of magical power (left hand)
Wands
 k - a wand of polymorph (4)
Scrolls
 g - a scroll of teleportation {unknown}
 i - 2 scrolls of enchant weapon {unknown}
 m - 2 scrolls of magic mapping {unknown}
 p - 2 scrolls of enchant armour {unknown}
Potions
 d - a potion of might
 e - 2 potions of curing
 h - 2 potions of haste {unknown}
 l - a potion of heal wounds {unknown}
 s - a potion of degeneration {unknown}
Comestibles
 f - 6 rations
 q - 5 chunks of flesh


   Skills:
 * Level 3.9 Fighting
 * Level 3.1 Maces & Flails
 * Level 3.9 Armour
 * Level 1.1 Dodging
 * Level 4.7 Shields


You had 4 spell levels left.
You didn't know any spells.
Your spell library was empty.

Dungeon Overview and Level Annotations

Branches:
Dungeon (3/15)

Altars:
Makhleb
Vehumet


Innate Abilities, Weirdness & Mutations

You cannot be hasted, slowed, berserked, paralysed or teleported.
You can dig through walls and to a lower floor.
Your four strong arms can wield two-handed weapons with a shield.
You have a pair of large antennae on your head. (SInv)


Message History

The magic dart hits you! The orc wizard casts a spell at you.
The puff of frost hits you!
An orc comes into view. It is wielding a +0 mace.
The orc shouts!
You are too injured to fight recklessly!
You are too injured to fight recklessly!
You hear a shout! x2; You hear an angry hiss.
An orc comes into view. It is wielding a +0 whip.
Items here: ( ))) [ ÷ † The orc wizard casts a spell at you.
The puff of frost hits you!
* * * LOW HITPOINT WARNING * * *
You see here a stone.
The orc wizard casts a spell.
The orc wizard seems to speed up.
There is a stone staircase leading up here.
The orc wizard casts a spell at you. The puff of flame hits you!
You die...

##### #. ...# #.#
#.###########
#.#####.....o.....##
#.##......o.o...@.(#
#.##.############..#####
....#....#
#..#...#########
..##.###o#
#..#<...)....... ....)#
#.# #..#...#########
..#### #.# #.....##
..######{#### ##.#..##
.(.[o..)....######.#...#
......{..##............#


You could see an orc wizard (fast) and 2 orcs.

Vanquished Creatures
  A crimson imp (D:3)
  4 adders
  A worm (D:2)
  3 dart slugs (D:1)
  A leopard gecko (D:3)
  2 orcs (D:3)
  5 bats
  4 giant cockroaches
  5 goblins
  5 hobgoblins
  5 jackals (D:2)
  A quokka (D:2)
  2 ball pythons
  6 frilled lizards
  5 kobolds
  6 rats
56 creatures vanquished.

Vanquished Creatures (others)
  Ijyb (D:3)
  A rat (D:3)
2 creatures vanquished.

Grand Total: 58 creatures vanquished

Notes
Turn   | Place    | Note
-------+----------+-------------------------------------------
     0 | D:1      | Diggabert the Formicid Fighter began the quest for the Orb.
     0 | D:1      | Reached XP level 1. HP: 18/18 MP: 1/1
   163 | D:1      | Reached XP level 2. HP: 24/24 MP: 2/2
   347 | D:1      | Reached skill level 4 in Shields
   474 | D:1      | Reached XP level 3. HP: 29/29 MP: 3/3
   913 | D:2      | Reached XP level 4. HP: 37/37 MP: 4/4
  1571 | D:2      | Reached skill level 1 in Dodging
  1835 | D:3      | Reached XP level 5. HP: 31/42 MP: 5/5
  1966 | D:3      | Noticed Ijyb
  1983 | D:3      | Killed Ijyb
  1989 | D:2      | HP: 1/42 [poisoned by Ijyb (poison gas)]
  2255 | D:3      | Found a burning altar of Makhleb.
  2255 | D:3      | Found a radiant altar of Vehumet.
  2361 | D:3      | Killed from afar by an orc wizard

Illustrated notes

Levels and vault maps discovered:
D:1:      minmay_arrival_wavy_path, layout_basic
D:2:      layout_basic, first_ration
D:3:      layout_loops_ring, grunt_temple_overflow_lords_of_destruction,
          grunt_temple_overflow_open, uniq_ijyb

Skill      XL: |  1  2  3  4  5 |
---------------+----------------+-----
Shields        | 4 |  4.7
Dodging        | 1 |  1.1
Maces & Flails | 3 |  3.1
Fighting       | |  3.9
Armour         | |  3.9

Action                   |  1- 3 |  4- 6 || total
-------------------------+-------+-------++-------
Melee: Flail             |   103 |    96 ||   199
       Morningstar       |       |     4 ||     4
  Use: Potion            |       |     1 ||     1
  Eat: Chunk             |       |     5 ||     5
Armor: Scale mail        |    42 |    40 ||    82
Dodge: Dodged            |    40 |    29 ||    69
Block: Kite shield       |    58 |    43 ||   101
